 Dungeon Crawl Stone Soup version 0.22-a0-567-gff9aefc (webtiles) character file.

3 Amnesiac the Ducker (level 1, -3/11 HPs)
             Began as a Spriggan Fighter on June 30, 2018.
             Killed by divine providence
             ... invoked by an orc priest
              (14 damage)
             ... on level 3 of the Dungeon.
             The game lasted 00:00:54 (294 turns).

Amnesiac the Ducker (Spriggan Fighter)               Turns: 294, Time: 00:00:55

Health: -3/11      AC:  2    Str: 17    XL:     1   Next: 41%
Magic:  2/2        EV: 25    Int:  9    God:
Gold:   71         SH:  7    Dex: 20    Spells: 0/0 levels left

rFire    + + .     SeeInvis +   a - +0 rapier
rCold    + . .     Gourm    .   c - +0 buckler
rNeg     . . .     Faith    .   b - +0 robe
rPois    +         Spirit   .   (helmet restricted)
rElec    +         Reflect  .   (no cloak)
rCorr    +         Harm     .   (gloves unavailable)
MR       .....                  (boots unavailable)
Stlth    +++.......             (no amulet)
HPRegen  0.03/turn              h - ring of protection from fire
MPRegen  0.08/turn              (no ring)

@: mighty, agile, resistant, very quick
A: very small, unfitting armour, see invisible, herbivore, speed 3, slow
metabolism 2
a: no special abilities


You were on level 3 of the Dungeon.
You were not hungry.

You visited 1 branch of the dungeon, and saw 3 of its levels.

You collected 71 gold pieces.

Inventory:

Hand Weapons
 a - a +0 rapier (weapon)
Armour
 b - a +0 robe (worn)
 c - a +0 buckler (worn)
Jewellery
 h - a ring of protection from fire (left hand)
Scrolls
 g - 2 scrolls of identify {!r, unknown}
 i - a scroll of fear {!r, unknown}
Comestibles
 f - a ration


   Skills:
 - Level 2.4 Fighting
 - Level 2.1 Short Blades
 - Level 4.4 Dodging
 + Level 1.6 Stealth
 - Level 2.1 Shields


You couldn't memorise any spells.
You didn't know any spells.
Your spell library was empty.

Dungeon Overview and Level Annotations

Branches:
Dungeon (3/15)

Altars:
Qazlal

Annotations:
D:2 Sigmund


Innate Abilities, Weirdness & Mutations

You are very small and have problems with some larger weapons.
You are too small for most types of armour.
You have supernaturally acute eyesight. (SInv)
You are a herbivore.
You cover ground extremely quickly.
You need to consume almost no food.


Message History

The leopard gecko completely misses you.
There is a stone staircase leading down here.
The goblin shoots a stone.
The stone barely misses you. You block the kobold's attack.
An orc comes into view.
The orc shouts!
You see here 2 stones.
A rat comes into view.
The rat moves out of view.
The leopard gecko misses you. You block the kobold's attack.
The goblin shoots a stone.
The stone closely misses you.
The goblin shoots a stone.
The stone misses you.
The goblin shoots a stone.
The stone hits you.
* * * LOW HITPOINT WARNING * * *
You see here a stone.
The goblin shoots a stone.
The stone hits you.
* * * LOW HITPOINT WARNING * * *
Things that are here:
a stone; a metallic green potion {!q}
k - a metallic green potion {!q} The goblin shoots a stone.
The stone completely misses you.
Found 19 bolts.
Found a stone staircase leading up.
There is a stone staircase leading up here.
You climb upwards.
An adder and Sigmund come into view.
Sigmund is wielding a scythe of protection.
Sigmund shouts!
The adder hisses angrily.
You hear a shout!
Found a scale mail.
There is a stone staircase leading down here.
Sigmund points at you and mumbles some strange words.
You resist with significant effort.
You climb downwards.
There is a stone staircase leading up here.
You see here 19 bolts.
An orc comes into view.
A goblin, an orc and an orc priest come into view.
The goblin shouts!
You hear a shout!
The orc priest shouts!
The orc shouts!
You hear a shout! 2 orcs come into view.
The orc shouts!
The orc priest looks braver for a moment.
Really quaff
e - a bubbling blue potion {!q}?
It was a potion of resistance {!q}.
You feel protected.
The orc priest looks encouraged for a moment.
Really quaff
j - a fizzy yellow potion {!q}?
It was a potion of agility {!q}.
You feel agile all of a sudden.
The goblin shoots a stone.
The stone closely misses you.
Really quaff
k - a metallic green potion {!q}?
It was a potion of curing {!q}.
You feel better.
The goblin shoots a stone.
The stone closely misses you. The orc completely misses you.
You block the orc's attack.
The goblin shoots a stone.
The stone closely misses you.
The stone hits the orc.
The orc priest calls upon Beogh to heal the orc.
The orc's wounds heal themselves!
Really quaff
d - a potion of might {!q}?
You feel very mighty all of a sudden. You block the orc's attack.
The orc barely misses you.
The orc priest mumbles some strange prayers to Beogh against you.
Beogh smites you!
Ouch! That really hurt!
You die...

..o....(.>....?..##
r.####o....g<...((########
#.....##lK...........
#....o...##.#.###### #
########.##.#.# .#
#.##.#.########.##
#.##.#.K..<......##
####.##g########(....##
.......@oo# ##.......#
#......o#.# #..........
#...o.go#.####.........#
#......................#
............###.......##
#...........# ##.....##
#............ ##...##
#.........#.#. ..##
........#.#.# ..#


You could see an orc priest, 4 orcs and 2 goblins.

Vanquished Creatures
  A hobgoblin (D:2)
  A bat (D:1)
  A kobold (D:1)
  A rat (D:2)
4 creatures vanquished.

Notes
Turn   | Place    | Note
-------+----------+-------------------------------------------
     0 | D:1      | Amnesiac the Spriggan Fighter began the quest for the Orb.
     0 | D:1      | Reached XP level 1. HP: 11/11 MP: 2/2
   186 | D:2      | Found a stormy altar of Qazlal.
   190 | D:2      | Reached skill level 1 in Stealth
   274 | D:2      | Noticed Sigmund
   284 | D:3      | Noticed an orc priest
   294 | D:3      | Killed from afar by an orc priest

Vault maps used:
D:1:      minmay_arrival_four_circles, lexackson_kobold_supper
D:2:      lemuel_crystal_altar, grunt_gozag_breadcrumbs, marbit_many_paths,
          uniq_natasha, uniq_sigmund
D:3:      cheibriados_altar_1

Skill      XL: |  1 |
---------------+----+-----
Stealth        | 1 |  1.6
Fighting       | |  2.4
Short Blades   | |  2.1
Dodging        | |  4.4
Shields        | |  2.1

Action                   || total
-------------------------++-------
Melee: Rapier            ||    14
  Use: Potion            ||     4
Dodge: Dodged            ||    29
Block: Buckler           ||     8

Table legend:
 A = Spawn XP
 B = Non-spawn XP
 C = Spawn XP percentage of total XP
 D = Spawn monster count
 E = Non-spawn monster count
 F = Spawn count percentage of total count
 G = Total turns spent on level
                    A         B        C        D         E        F      G
               +---------+---------+-------+---------+---------+-------+---------
         Total |       0 |       5 |   0.0 |       0 |       4 |   0.0 |   294
               +---------+---------+-------+---------+---------+-------+---------
           D:1 |       0 |       2 |   0.0 |       0 |       2 |   0.0 |   186
           D:2 |       0 |       3 |   0.0 |       0 |       2 |   0.0 |    55
               +---------+---------+-------+---------+---------+-------+---------
